 Dungeon Crawl Stone Soup version 0.25-a0-634-gd1561dc703 (webtiles) character file.

Game seed: 7295685300290228784, levelgen mode: deterministic

264 DasRunzen the Poker (level 5, -3/46 HPs)
             Began as a Draconian Gladiator on Mar 20, 2020.
             Slain by a gnoll
             ... wielding a +0 flail
              (11 damage)
             ... on level 4 of the Dungeon.
             The game lasted 00:04:24 (2348 turns).

DasRunzen the Poker (Draconian Gladiator)           Turns: 2348, Time: 00:04:25

Health: -3/46      AC:  5    Str: 16    XL:     5   Next: 98%
Magic:  8/8        EV: 13    Int: 10    God:
Gold:   206        SH:  0    Dex: 12    Spells: 8/8 levels left

rFire    . . .     SeeInvis .   l - +2 falchion (elec)
rCold    . . .     Gourm    .   (no shield)
rNeg     . . .     Faith    .   (armour unavailable)
rPois    .         Spirit   .   b - +0 hat
rElec    .         Reflect  .   (no cloak)
rCorr    .         Harm     .   (no gloves)
MR       .....                  (no boots)
Stlth    +.........             (no amulet)
HPRegen  0.15/turn              (no ring)
MPRegen  0.11/turn              (no ring)

@: no status effects
A: unfitting armour, cold-blooded, AC +5
a: no special abilities


You were on level 4 of the Dungeon.
You were hungry.

You visited 1 branch of the dungeon, and saw 4 of its levels.

You collected 206 gold pieces.

Inventory:

Hand Weapons
 a - a +1 trident
 l - a +2 falchion of electrocution (weapon)
Missiles
 c - 3 throwing nets (quivered)
Armour
 b - a +0 hat (worn)
Jewellery
 m - an uncursed ring of ice
Scrolls
 e - a scroll of teleportation
 k - 2 scrolls of blinking
 p - a scroll of remove curse
Potions
 f - a potion of heal wounds
 g - a potion of invisibility
 h - a potion of stabbing
 i - a potion of brilliance
 j - a potion of curing {unknown}
Comestibles
 d - 7 rations
 q - a chunk of flesh


   Skills:
 + Level 3.9 Fighting
 + Level 0.4 Long Blades
 - Level 4.1 Polearms
 - Level 1.7 Throwing
 + Level 3.8 Dodging
 + Level 2.4 Spellcasting


You had 8 spell levels left.
You didn't know any spells.
Your spell library was empty.

Dungeon Overview and Level Annotations

Branches:
Dungeon (4/15)
 Temple: D:4-7

Altars:
Cheibriados
Kikubaaqudgha
Nemelex Xobeh
The Shining One


Innate Abilities, Weirdness & Mutations

Your plain brown scales are hard. (AC +5)
You cannot fit into any form of body armour.
You are cold-blooded and may be slowed by cold attacks.


Message History

The gnoll is lightly wounded.
The gnoll closely misses you. The gnoll hits you but does no damage.
You hit the gnoll but do no damage.
The gnoll is lightly wounded.
The gnoll barely misses you.
You riposte.
You closely miss the gnoll.
The gnoll is lightly wounded.
You closely miss the gnoll.
The gnoll is lightly wounded.
The gnoll hits you but does no damage.
You barely miss the gnoll.
The gnoll is lightly wounded.
The gnoll hits you but does no damage.
You hit the gnoll but do no damage.
The gnoll is lightly wounded.
The gnoll hits you with a +0 flail.
* * * LOW HITPOINT WARNING * * *
You barely miss the gnoll.
Your tail-slap misses the gnoll.
The gnoll is lightly wounded.
The gnoll hits you with a +0 flail!
You die...

...... ..#..
.# ###...> .#
#
......###.##.#
#........>...
#............
#....)$......
#.<..@.......
#...g<.......
#........(...
#............
#............
##...........
##.....##...
####### ###


You could see a gnoll.

Vanquished Creatures
  Grinder (D:3)
  An adder (D:3)
  2 gnolls (D:4)
  A shadow imp (D:3)
  2 worms
  2 dart slugs
  A leopard gecko (D:2)
  An orc (D:3)
  2 bats
  3 giant cockroaches
  3 hobgoblins (D:3)
  5 kobolds
  5 frilled lizards
  4 goblins
  7 rats
40 creatures vanquished.

Notes
Turn   | Place    | Note
-------+----------+-------------------------------------------
     0 | D:1      | DasRunzen the Draconian Gladiator began the quest for the
                  | Orb.
     0 | D:1      | Reached XP level 1. HP: 17/17 MP: 1/1
   192 | D:1      | Reached XP level 2. HP: 22/25 MP: 2/2
   796 | D:2      | Found a snail-covered altar of Cheibriados.
   830 | D:2      | Reached skill level 1 in Spellcasting
   830 | D:2      | Reached XP level 3. HP: 30/30 MP: 4/4
   927 | D:2      | Found an ancient bone altar of Kikubaaqudgha.
   927 | D:2      | Found a sparkling altar of Nemelex Xobeh.
  1631 | D:3      | Noticed Grinder
  1632 | D:3      | Paralysed by Grinder for 2 turns
  1641 | D:3      | Killed Grinder
  1641 | D:3      | Reached skill level 4 in Polearms
  1641 | D:3      | Reached XP level 4. HP: 39/40 MP: 4/7
  1641 | D:3      | Reached XP level 5. HP: 44/46 MP: 4/8
  1891 | D:3      | Found a glowing golden altar of the Shining One.
  2348 | D:4      | Slain by a gnoll

Levels and vault maps discovered:
D:1:      roderic_chinese_lattice_arrival, layout_basic
D:2:      layout_loops_ring, kennysheep_slug_shrine,
          gammafunk_temple_overflow_statue, first_ration
D:3:      layout_basic, tso_altar, uniq_grinder
D:4:      layout_rooms, lightli_temple_of_fire, cheibrodos_ashenzari_chains

Skill      XL: |  1  2  3 |
---------------+----------+-----
Dodging        | 3 |  3.8
Spellcasting   | 1 2 |  2.4
Fighting       | 3 |  3.9
Polearms       | 4 |  4.1
Long Blades    | |  0.4
Throwing       | |  1.7

Action                   |  1- 3 |  4- 6 || total
-------------------------+-------+-------++-------
Melee: Trident           |    81 |     8 ||    89
       Tailslap          |     9 |     3 ||    12
       Falchion          |       |    35 ||    35
  Use: Scroll            |     8 |     3 ||    11
 Stab: Sleeping          |     3 |     1 ||     4
  Eat: Chunk             |     2 |     2 ||     4
Armor: Skin              |    11 |    10 ||    21
Dodge: Dodged            |    49 |    33 ||    82
       Rpst.: Falchion   |       |     8 ||     8

Table legend:
 A = Non-vault XP
 B = Vault XP
 C = Vault XP percentage of total XP
 D = Non-vault monster count
 E = Vault monster count
 F = Vault count percentage of total count
                 A         B        C        D         E       F
            +---------+---------+-------+---------+---------+-------
      Total |     116 |     262 |  69.3 |      38 |       2 |   5.0
            +---------+---------+-------+---------+---------+-------
        D:1 |      28 |       0 |   0.0 |      18 |       0 |   0.0
        D:2 |      14 |       4 |  22.2 |       7 |       1 |  12.5
        D:3 |      46 |     258 |  84.9 |      11 |       1 |   8.3
        D:4 |      28 |       0 |   0.0 |       2 |       0 |   0.0
            +---------+---------+-------+---------+---------+-------
